 Dungeon Crawl Stone Soup version 0.22.0-13-g43fe8f24b8 (webtiles) character file.

3730 Flugkiller the Spear-Bearer (level 10, 0/79 HPs)
             Began as a Merfolk Earth Elementalist on Aug 17, 2018.
             Slain by a fire crab (5 damage)
             ... on level 8 of the Dungeon.
             The game lasted 00:20:14 (11955 turns).

Flugkiller the Spear-Bearer (MfEE)                 Turns: 11955, Time: 00:20:15

Health: 0/79       AC:  6    Str: 10 (13) XL:     10   Next: 14%
Magic:  15/15      EV: 13    Int: 14      God:    Xom [*.....]
Gold:   434        SH:  3    Dex: 12 (14) Spells: 13/16 levels left

rFire    + . .     SeeInvis .   z - +4 trident (freeze)
rCold    + . .     Gourm    .   y - +0 buckler
rNeg     . . .     Faith    .   e - +1 ring mail
rPois    .         Spirit   .   (no helmet)
rElec    .         Reflect  .   E - scarf {rC+ rF+}
rCorr    .         Harm     .   (no gloves)
MR       .....                  (no boots)
Stlth    +.........             (no amulet)
HPRegen  0.23/turn              (no ring)
MPRegen  0.14/turn              (no ring)

@: drained
A: change form in water, swift swim, stealthy swim, blurry vision 2,
deterioration 1
a: Renounce Religion


You were on level 8 of the Dungeon.
You worshipped Xom.
You were a special plaything of Xom.
You were hungry.

You visited 2 branches of the dungeon, and saw 10 of its levels.

You collected 434 gold pieces.

Inventory:

Hand Weapons
 a - a +0 glaive
 q - a +2 spear of venom
 z - a +4 trident of freezing (weapon)
Missiles
 b - 256 stones (quivered)
Armour
 e - a +1 ring mail (worn)
 v - a +0 scale mail
 y - a +0 buckler (worn)
 E - a scarf of resistance (worn)
Jewellery
 k - a cursed ring of attention {unknown}
 l - an uncursed ring of protection from magic {unknown}
 n - an uncursed amulet of faith {unknown}
 o - an uncursed amulet of faith {unknown}
 G - an uncursed ring of flight {unknown}
 H - an uncursed ring of stealth {unknown}
Wands
 u - a wand of random effects (49)
Scrolls
 h - a scroll of immolation {unknown}
 m - 4 scrolls of remove curse
 p - 3 scrolls of amnesia
 r - a scroll of summoning {unknown}
 s - a scroll of acquirement {unknown}
 B - a scroll of vulnerability {unknown}
 D - a scroll of magic mapping
 I - a scroll of teleportation
 J - a scroll of identify
Potions
 c - 2 potions of lignification
 f - a potion of mutation {unknown}
 g - a potion of invisibility
 i - a potion of ambrosia {unknown}
 j - 3 potions of flight
 t - a potion of resistance {unknown}
 x - a potion of magic {unknown}
 A - a potion of curing
 C - a potion of haste {unknown}
 F - a potion of agility {unknown}
Comestibles
 d - 11 rations


   Skills:
 + Level 7.3(6.9) Fighting
 - Level 12.0(11.6) Polearms
 + Level 2.2(1.9) Armour
 - Level 8.1(7.7) Dodging
 - Level 2.1(1.8) Stealth
 + Level 1.4(1.1) Shields
 + Level 3.5(3.2) Spellcasting
 + Level 3.1(2.8) Hexes
 + Level 3.3(2.9) Charms
   Level 1.3(1.0) Transmutations
   Level 2.4(2.1) Earth Magic


You had 13 spell levels left.
You knew the following spells:

 Your Spells              Type           Power        Failure   Level  Hunger
b - Spectral Weapon       Hex/Chrm       ##......     56%         3    ###....

Your spell library contained the following spells:

 Spells                   Type           Power        Failure   Level  Hunger
 Confuse                  Hex            ##......     58%         3    ###....
 Regeneration             Chrm/Necr      #.........   77%         3    ###....
 Stone Arrow              Conj/Erth      #.....       83%         3    ###....
 Confusing Touch          Hex            ##....       24%         1    #......
 Passwall                 Tmut/Erth      #.......     52%         2    ##.....
 Metabolic Englaciation   Hex/Ice        #.........   100%        5    ######.
 Lee's Rapid Deconstruct  Erth           #.........   100%        5    ######.
 Sandblast                Erth           #.....       32%         1    #......
 Petrify                  Tmut/Erth      #.......     99%         4    #####..
 Shroud of Golubria       Chrm/Tloc      #.........   54%         2    ##.....
 Infusion                 Chrm           ##..         22%         1    #......
 Song of Slaying          Chrm           ##......     34%         2    ##.....
 Gell's Gravitas          Tloc           #.........   93%         3    ###....
 Yara's Violent Unravell  Hex/Tmut       #.........   100%        5    ######.


Dungeon Overview and Level Annotations

Branches:
Dungeon (9/15)             Temple (1/1) D:7
   Lair: D:8-11         Orc: D:9-12

Altars:
Ashenzari
Cheibriados
Dithmenos
Elyvilon
Fedhas
Gozag
Hepliaklqana
Kikubaaqudgha
Makhleb
Nemelex Xobeh
Okawaru
Ru
Sif Muna
Trog
Uskayaw
Vehumet
Wu Jian
Xom
Yredelemnul
Zin
The Shining One
Beogh


Innate Abilities, Weirdness & Mutations

You revert to your normal form in water.
You are very nimble and swift while swimming.
You are very stealthy in the water. (Stealth+)
Scrolls take you longer to read.
Your body sometimes deteriorates upon taking damage.


Message History

You feel sick. The fire crab barely misses you. x2
* * * LOW HITPOINT WARNING * * *
You feel very sick.
* * * LOW HITPOINT WARNING * * *
You feel sick. The fire crab breathes flames at you.
The blast of flame engulfs you!
Okay, then.
It was a potion of curing.
You feel better.
Xom thinks this is hilarious!
You are engulfed in blazing flames.
You resist.
* * * LOW HITPOINT WARNING * * *
You puncture the fire crab! You freeze the fire crab.
The fire crab is heavily wounded.
You block the fire crab's attack. The fire crab closely misses you.
You hit the fire crab but do no damage.
The fire crab is heavily wounded.
You block the fire crab's attack. The fire crab claws you.
You die...
Xom giggles madly!

.#....# #....#
.#..#.###.##.#
))....##.....#
###.####..##.# #######
.[..# #..##.# #.....#
###.####.....#
#####.#.###
###.........## #.......#
##....#.#.#§#######.#.###
(.........§§§§§§@t.>#.#
#.......#.§§#########.#
#(......#.####...####.#
#.#.....### ###.....#.#
..#..##.# #_#...#.#.#
.......######'#...#.#.#
.##.##............#.#.#
.##[##..#####.....#.#.#
.##[##..# #.###.#.#.#


You could see a fire crab.

Vanquished Creatures
  5 orc warriors
  5 ice beasts
  2 phantoms
  3 ogres
  3 centaurs
  A big kobold (D:6)
  A gnoll sergeant (D:7)
  3 bullfrogs
  A scorpion (D:7)
  4 killer bees
  8 wights (D:8)
  2 howler monkeys
  2 crimson imps
  4 hounds
  A jelly (D:5)
  5 orc priests
  A bullfrog skeleton (D:5)
  5 orc wizards
  Jessica (D:3)
  2 iguanas
  6 worker ants
  A killer bee zombie (D:9)
  3 hound zombies
  2 worker ant zombies
  5 gnolls (D:8)
  3 howler monkey skeletons
  7 adders
  5 shadow imps
  2 oozes
  3 adder zombies
  2 worms
  2 dart slugs (D:2)
  4 leopard geckos
  41 orcs
  3 giant cockroaches
  7 goblins
  6 hobgoblins
  8 jackals
  A quokka (D:8)
  3 ball pythons
  6 bats
  4 frilled lizards
  A giant cockroach zombie (D:5)
  2 jackal skeletons
  A jackal zombie (D:5)
  10 kobolds
  A leopard gecko skeleton (D:4)
  A quokka zombie (D:7)
  5 rats
204 creatures vanquished.

Notes
Turn   | Place    | Note
-------+----------+-------------------------------------------
     0 | D:1      | Flugkiller the Merfolk Earth Elementalist began the quest for the Orb.
     0 | D:1      | Reached XP level 1. HP: 13/13 MP: 3/3
   653 | D:1      | Reached skill level 1 in Fighting
   681 | D:1      | Reached XP level 2. HP: 20/21 MP: 5/5
  1344 | D:1      | Reached XP level 3. HP: 26/27 MP: 6/6
  2205 | D:2      | Reached skill level 1 in Polearms
  2205 | D:2      | Reached XP level 4. HP: 34/34 MP: 7/7
  2615 | D:3      | Reached skill level 2 in Polearms
  2924 | D:3      | Noticed Jessica
  2929 | D:3      | Killed Jessica
  2929 | D:3      | Reached XP level 5. HP: 41/41 MP: 8/8
  3034 | D:3      | Reached skill level 3 in Polearms
  3134 | D:4      | Reached skill level 5 in Dodging
  3143 | D:4      | Reached skill level 4 in Polearms
  3217 | D:4      | Reached XP level 6. HP: 7/47 MP: 9/9
  3519 | D:4      | Found a deep blue altar of Sif Muna.
  3589 | D:4      | Reached skill level 5 in Polearms
  4190 | D:5      | Entered Level 5 of the Dungeon
  4343 | D:5      | Reached XP level 7. HP: 54/54 MP: 10/10
  4349 | D:5      | Reached skill level 6 in Polearms
  4892 | D:5      | Reached skill level 7 in Polearms
  5271 | D:5      | Reached XP level 8. HP: 37/61 MP: 11/11
  5451 | D:5      | Reached skill level 5 in Fighting
  5451 | D:5      | Reached skill level 8 in Polearms
  5872 | D:5      | Found a bloodstained altar of Trog.
  6406 | D:6      | Reached skill level 9 in Polearms
  6662 | D:6      | Found a glowing golden altar of the Shining One.
  6976 | D:6      | Found a basalt altar of Yredelemnul.
  7386 | D:7      | Reached skill level 10 in Polearms
  7604 | D:7      | Reached XP level 9. HP: 66/69 MP: 12/12
  7672 | D:7      | Found a staircase to the Ecumenical Temple.
  7768 | Temple   | Entered the Ecumenical Temple
  8217 | D:7      | Learned a level 3 spell: Spectral Weapon
  8872 | D:8      | Reached skill level 1 in Charms
  8891 | D:8      | Reached skill level 1 in Hexes
  9052 | D:8      | Found a hazy altar of Hepliaklqana.
  9053 | D:8      | Found a shimmering altar of Xom.
  9054 | D:8      | Noticed a spectral ugly thing
  9138 | D:8      | Became a worshipper of Xom of Chaos
  9186 | D:8      | XOM: potion effect (heal wounds)
  9198 | D:8      | Reached skill level 11 in Polearms
  9198 | D:8      | Reached skill level 1 in Armour
  9250 | D:8      | XOM: silly message
  9572 | D:8      | XOM: smoke on damage
  9589 | D:8      | XOM: divination: magic mapping
  9611 | D:8      | XOM: enchant monster (good)
  9901 | D:8      | XOM: potion effect (brilliance)
  9975 | D:8      | XOM: 3-stop teleportation journey
 10342 | D:8      | XOM: god gift: scroll labeled QYREEN JORIETY {god gift}
 10393 | D:8      | XOM: divination: detect items
 10578 | D:8      | XOM: mild Ice miscast
 10619 | D:8      | Found a roughly hewn altar of Beogh.
 10632 | D:8      | XOM: butterfly on damage
 10861 | D:8      | XOM: confuse monster(s)
 10903 | D:7      | XOM is BORED!
 10903 | D:7      | XOM: give mutations
 10903 | D:7      | Gained mutation: Scrolls take you a little longer to read. [Xom's mischief]
 10903 | D:7      | Gained mutation: Your body sometimes deteriorates upon taking damage. [Xom's mischief]
 10903 | D:7      | Gained mutation: Scrolls take you longer to read. [Xom's mischief]
 11121 | D:8      | XOM: fog
 11141 | D:8      | XOM: summons 2 friendly demons
 11156 | D:8      | XOM: mild Ice miscast
 11157 | D:8      | XOM: polymorph iron imp -> quasit
 11186 | D:7      | XOM: divination: magic mapping
 11440 | D:8      | XOM: noise
 11445 | D:8      | Reached XP level 10. HP: 69/79 MP: 13/15
 11457 | D:8      | XOM: polymorph orc warrior -> killer bee
 11518 | D:8      | XOM: divination: detect creatures
 11545 | D:8      | Reached skill level 12 in Polearms
 11545 | D:8      | Reached skill level 1 in Shields
 11771 | D:8      | Found a shattered altar of Ashenzari.
 11848 | D:9      | XOM: potion effect (might)
 11853 | D:9      | Found a white marble altar of Elyvilon.
 11853 | D:9      | Found a glowing golden altar of the Shining One.
 11854 | D:9      | Found a glowing silver altar of Zin.
 11856 | D:9      | Found a blossoming altar of Fedhas.
 11871 | D:9      | XOM: noise
 11874 | D:9      | XOM: swap monsters
 11941 | D:9      | HP: 1/79 [troll (4)]
 11942 | D:9      | Noticed a fire crab
 11942 | D:9      | a troll changed into a fire crab
 11942 | D:9      | XOM: polymorph troll -> fire crab
 11948 | D:9      | XOM: severe Pois miscast
 11949 | D:8      | XOM: noise
 11955 | D:8      | Slain by a fire crab

Skill      XL: |  1  2  3  4  5  6  7  8  9 10 |
---------------+-------------------------------+-----
Dodging        | 3 4 5 6 8 |  8.1
Fighting       | 1 2 3 4 6 7 |  7.3
Polearms       | 1 2 4 5 7 10 11 12 | 12.0
Charms         | 2 3 |  3.3
Hexes          | 2 3 |  3.1
Armour         | 2 |  2.2
Spellcasting   | 3 |  3.5
Shields        | 1 |  1.4
Stealth        | |  2.1
Transmutations | |  1.3
Earth Magic    | |  2.4

Action                   |  1- 3 |  4- 6 |  7- 9 | 10-12 || total
-------------------------+-------+-------+-------+-------++-------
Melee: Dagger            |   165 |       |       |       ||   165
       Unarmed           |    23 |       |       |       ||    23
       Spear             |     9 |   149 |   722 |    37 ||   917
       Trident           |       |       |       |    31 ||    31
 Cast: Sandblast         |    34 |       |       |       ||    34
Evoke: Wand              |       |       |     2 |       ||     2
  Use: Scroll            |     1 |       |    14 |       ||    15
       Potion            |       |       |       |     3 ||     3
 Stab: Sleeping          |     2 |     2 |     2 |       ||     6
       Distracted        |       |     1 |     1 |       ||     2
       Confused          |       |       |       |     2 ||     2
  Eat: Chunk             |     5 |     6 |    17 |     1 ||    29
       Ration            |       |       |     2 |       ||     2
Armor: Ring mail         |    75 |    27 |    83 |     7 ||   192
       Robe              |     7 |       |       |       ||     7
Dodge: Dodged            |   164 |    74 |   299 |    23 ||   560
Block: Buckler           |       |       |     4 |     9 ||    13
